Map: Ruins of Seras

Players

wabbajack - Winner!

  • Race: Zerg Zerg
  • League: Grandmaster

Spike

  • Race: Terran Terran
  • League: Grandmaster

VOD

Have the link to the VOD?

Description

Time

  • Played on: July 14, 2015, 2:36 p.m.
  • Length: 15:13
Show
View Real Time Build Order
Export as new Build Order

wabbajack Zerg - Winner!

Build Orders: Pool First 

Get SALT Encoding   

  12  0:01  Drone  
  13  0:10  Extractor  
  12  0:27  Spawning Pool  
  11  0:29  Drone  
  11  0:35  Drone  
  13  0:45  Overlord  
  13  1:15  Zergling x6  
  16  1:19  Metabolic Boost  
  16  1:26  Zergling x2  
  17  1:36  Queen  
  19  1:54  Overlord  
  19  1:55  Drone  
  20  2:15  Hatchery  
  20  2:20  Drone  
  20  2:21  Drone  
  21  2:24  Drone  
  22  2:32  Drone  
  23  2:49  Queen  
  24  3:25  Drone  
  24  3:26  Drone x4  
  29  3:28  Overlord x2  
  29  3:32  Queen  
  28  4:15  Hatchery  
  27  4:20  Drone  
  27  4:21  Drone x9  
  37  4:30  Lair, Roach Warren  
  36  4:37  Drone x2  
  36  4:38  Drone x2  
  40  4:46  Evolution Chamber  
  39  4:55  Zergling x8  
  43  5:18  Zerg Missile Weapons Level 1  
  43  5:21  Extractor  
  43  5:23  Extractor  
  43  5:24  Extractor  
  43  5:25  Drone x4  
  43  5:26  Drone x6  
  50  5:29  Drone  
  50  5:31  Drone  
  50  5:32  Drone  
  53  5:47  Spine Crawler  
  53  5:49  Drone x2  
  54  5:53  Spine Crawler  
  54  5:54  Drone  
  54  5:55  Drone x3  
  57  5:57  Overlord x2  
  57  5:58  Overlord x2  
  57  5:59  Glial Reconstitution  
  57  6:07  Overseer  
  57  6:37  Overseer  
  57  6:48  Hydralisk Den  
  57  6:49  Roach  
  57  6:50  Roach x9  
  57  6:52  Infestation Pit  
  57  6:53  Overlord x2  
  75  6:54  Drone x2  
  75  6:55  Drone x2  
  75  6:56  Drone x2  
  75  6:57  Drone x3  
  84  7:03  Extractor  
  84  7:04  Extractor  
  82  7:16  Lurker Den  
  82  7:20  Drone x4  
  82  7:21  Drone x3  
  82  7:22  Drone x3  
  92  7:31  Overlord  
  92  7:32  Overlord x2  
  92  7:35  Hive, Roach  
  92  7:36  Roach x3  
  100  7:41  Drone x2  
  100  7:43  Spore Crawler  
  101  7:46  Spore Crawler  
  101  7:49  Spore Crawler, Drone  
  101  7:50  Drone  
  102  7:51  Drone  
  102  7:52  Drone x3  
  105  8:28  Hatchery  
  104  8:34  Hatchery  
  104  8:35  Spore Crawler, Spine Crawler  
  104  8:37  Spore Crawler, Spine Crawler  
  104  8:39  Spine Crawler x2, Hydralisk x6, Roach x2  
  104  8:40  Roach x4  
  121  8:44  Muscular Augments  
  121  8:47  Zerg Missile Weapons Level 2  
  121  8:54  Evolution Chamber, Viper  
  123  8:56  Viper  
  126  9:11  Overlord  
  126  9:12  Overlord x3  
  126  9:16  Pneumatized Carapace  
  126  9:28  Drone x4  
  130  9:33  Extractor  
  130  9:35  Extractor  
  130  9:37  Extractor  
  127  9:39  Extractor  
  125  10:02  Queen  
  125  10:06  Zerg Melee Weapons Level 1  
  127  10:15  Adrenal Glands, Ultralisk Cavern  
  127  10:17  Spire  
  127  10:19  Lurker  
  127  10:20  Lurker  
  127  10:21  Zergling x28  
  129  10:22  Overlord, Zergling x16  
  129  10:23  Overlord  
  149  10:34  Overseer  
  149  10:42  Drone  
  150  10:43  Drone x3  
  150  10:44  Drone x2  
  150  10:45  Drone x5  
  157  11:04  Zerg Ground Armor Level 1  
  141  11:17  Burrow  
  141  11:19  Viper x2  
  141  11:23  Overlord  
  147  11:30  Greater Spire  
  147  11:31  Chitinous Plating  
  143  11:56  Corruptor  
  143  11:57  Corruptor x8  
  161  12:05  Zerg Melee Weapons Level 2  
  161  12:09  Zergling x12  
  161  12:10  Zergling x20  
  161  12:12  Overlord  
  171  12:54  Corruptor x3  
  171  12:55  Corruptor  
  187  12:58  Brood Lord x2  
  187  12:59  Brood Lord x2  
  185  13:12  Spine Crawler  
  185  13:13  Spine Crawler, Roach  
  185  13:14  Roach x5  
  185  13:15  Spine Crawler  
  148  14:02  Corruptor x5  
  150  14:04  Ultralisk x3  
Show
View Real Time Build Order
Export as new Build Order

Spike Terran 

Build Orders: Mech 

Get SALT Encoding   

  12  0:02  SCV  
  13  0:14  SCV  
  14  0:33  Supply Depot  
  14  0:35  SCV  
  15  0:54  SCV  
  16  1:02  Barracks  
  16  1:18  Refinery  
  16  1:19  SCV  
  16  1:20  Command Center  
  17  1:31  SCV  
  18  1:41  Supply Depot  
  18  2:01  Orbital Command  
  18  2:12  Barracks Reactor  
  18  2:26  Refinery  
  18  2:31  SCV  
  18  2:36  Orbital Command  
  19  2:44  Bunker  
  19  2:50  Marine x2  
  19  2:51  Factory  
  20  2:57  Orbital Command  
  16  3:08  SCV  
  16  3:12  Marine x2  
  12  3:29  Marine  
  12  3:31  Supply Depot  
  10  3:54  Hellion  
  12  4:01  Marine x2  
  14  4:04  SCV  
  15  4:15  SCV  
  15  4:16  Bunker  
  15  4:17  SCV  
  17  4:28  SCV  
  17  4:29  SCV  
  19  4:32  Factory Tech Lab  
  19  4:40  SCV  
  19  4:45  SCV  
  21  4:52  SCV  
  21  4:53  Infernal Pre-Igniter  
  21  4:54  Command Center  
  21  4:57  SCV  
  22  5:04  SCV  
  23  5:13  SCV  
  24  5:16  SCV, Refinery  
  25  5:25  SCV  
  25  5:28  SCV, Refinery  
  27  5:37  SCV  
  27  5:40  SCV  
  27  5:49  Factory  
  28  5:50  SCV  
  28  5:52  SCV  
  29  6:02  SCV  
  30  6:04  SCV  
  30  6:07  Siege Tank  
  30  6:09  Orbital Command  
  34  6:14  SCV  
  34  6:15  Supply Depot  
  34  6:16  SCV  
  36  6:26  SCV, Engineering Bay  
  36  6:29  SCV  
  38  6:36  Armory, SCV  
  39  6:42  Hellion  
  39  6:43  Hellion  
  43  6:50  Refinery  
  43  6:52  SCV  
  44  6:55  SCV  
  44  6:56  SCV  
  46  7:01  Missile Turret  
  46  7:02  Missile Turret  
  46  7:08  Missile Turret  
  46  7:15  Command Center  
  46  7:20  Siege Tank  
  49  7:29  Widow Mine x2  
  53  7:31  SCV x2  
  53  7:37  Terran Vehicle Weapons Level 1  
  55  7:43  SCV  
  55  7:44  SCV  
  57  7:52  Factory, Siege Tank  
  60  8:02  Missile Turret  
  60  8:17  Factory  
  60  8:19  SCV, Factory  
  61  8:29  Command Center  
  61  8:45  Supply Depot  
  61  8:46  Planetary Fortress  
  61  8:49  Missile Turret  
  61  8:53  Factory Tech Lab  
  61  8:55  Siege Tank  
  64  9:02  Supply Depot, SCV x2  
  66  9:06  Factory Tech Lab  
  66  9:08  Factory Tech Lab  
  66  9:13  Siege Tank  
  66  9:14  Supply Depot  
  69  9:22  Command Center  
  69  9:23  SCV  
  70  9:25  Refinery  
  70  9:27  Cyclone x2  
  70  9:28  Hellion x2  
  70  9:29  SCV, Hellion  
  83  9:35  SCV  
  84  9:47  SCV  
  84  9:48  Terran Vehicle Weapons Level 2  
  83  9:59  SCV  
  84  10:02  Sensor Tower  
  84  10:03  Orbital Command  
  84  10:05  Supply Depot  
  84  10:07  Supply Depot  
  84  10:11  SCV  
  84  10:12  Starport  
  84  10:14  Siege Tank x2  
  91  10:16  Hellion x2  
  95  10:23  SCV  
  96  10:33  Hellion  
  98  10:35  SCV  
  99  10:50  Siege Tank x3  
  104  11:04  Siege Tank  
  105  11:18  Hellion x2, Starport  
  109  11:20  Starport Reactor  
  109  11:22  Siege Tank  
  109  11:24  SCV  
  113  11:26  Refinery  
  113  11:29  Refinery  
  113  11:36  SCV, Hi-Sec Auto Tracking  
  114  11:40  Missile Turret  
  114  11:41  SCV  
  114  11:44  Command Center  
  115  11:48  SCV  
  115  11:50  Hellion x2  
  115  11:51  Hellion x2  
  115  11:53  SCV  
  117  11:58  Medivac  
  117  12:00  SCV, Viking  
  117  12:01  Viking  
  124  12:05  SCV, Supply Depot  
  124  12:06  Supply Depot  
  125  12:12  SCV  
  126  12:19  Terran Vehicle Weapons Level 3  
  126  12:24  Cyclone  
  126  12:25  SCV  
  126  12:28  Medivac  
  132  12:55  Viking x2  
  132  12:57  Hellion x3  
  132  12:58  Hellion x3  
  142  13:18  Hellion  
  142  13:19  Hellion  
  146  13:24  Hellion  
  146  13:25  Hellion x2  
  148  13:39  Siege Tank  
  148  13:40  Hellion x2  
  129  13:45  Siege Tank  
  129  13:46  Siege Tank  
  84  13:56  Siege Tank  
  84  13:58  Viking x3  
  84  14:01  Hellion x2  
  72  14:11  Siege Tank  
  75  14:18  Hellion, Siege Tank  
  75  14:19  Engineering Bay  
  75  14:23  Hellion  
  84  14:27  Refinery, Starport  
  84  14:28  Viking x3  
  87  14:34  Hellion  
Tags
 
Add a new tag
Caveats
  • Supply blocks, unpowered buildings, or Contaminate may cause inaccurate times.
  • Supply counts are checked every 10 seconds.